 Dungeon Crawl Stone Soup version 0.27.1-34-g3ba077fa99 (webtiles) character file.

Game seed: 3680330388246392677

78 Descartes the Grasshopper (level 4, 0/35 HPs)
             Began as a Formicid Warper on Jan 14, 2022.
             Was a Believer of Ashenzari.
             Succumbed to an adder's poison
             ... on level 2 of the Dungeon.
             The game lasted 00:11:15 (1786 turns).

Descartes the Grasshopper (Formicid Warper)         Turns: 1786, Time: 00:11:15

Health: 0/35       AC: 11    Str: 16    XL:     4   Next: 61%
Magic:  9/9        EV:  2    Int: 13    God:    Ashenzari [**....]
Gold:   53         SH:  7    Dex: 10    Spells: 9/9 levels left

rFire    . . .     SeeInvis +   a - +0 mace
rCold    . . .     Faith    .   k - +0 kite shield
rNeg     . . .     Spirit   .   d - +0 plate armour "Share My Augurer" {Bglg, Comp} (curse)
rPois    .         Reflect  .   (helmet unavailable)
rElec    .         Harm     .   (no cloak)
rCorr    .         Rampage  .   g - +0 pair of gloves "Sibylline Ennui" {Self, Melee} (curse)
Will     +....                  (no boots)
Stlth    ..........             (no amulet)
HPRegen  0.11/turn              h - ring of Ashenzari's Paranoia {Will+, Elem, Bglg} (curse)
MPRegen  0.11/turn              (no ring)

@: lethally poisoned (0 -> -3), studying Shields
A: permanent stasis, dig shafts and tunnels, antennae 3, four strong arms
a: Dig, Shaft Self, Renounce Religion, Shatter the Chains


You were on level 2 of the Dungeon.
You worshipped Ashenzari.
Ashenzari was pleased with you.
You visited 1 branch of the dungeon, and saw 2 of its levels.

You collected 53 gold pieces.

Inventory:

Hand Weapons
 a - a +0 mace (weapon)
 f - a +2 hunting sling of flaming
Missiles
 c - 5 boomerangs of dispersal (quivered)
 j - 57 stones
 l - a throwing net
Armour
 b - a +0 leather armour
 d - the cursed +0 plate armour "Share My Augurer" (worn) {Bglg, Comp}
   (You found it on level 2 of the Dungeon)

   It has a curse which improves the following skills: Beguiling: Conjurations,
   Hexes and Translocations.
   Companions: Summonings and Necromancy.
 g - the cursed +0 pair of gloves "Sibylline Ennui" (worn) {Self, Melee}
   (You found it on level 1 of the Dungeon)

   It has a curse which improves the following skills: Introspection: Fighting
   and Spellcasting.
   Melee Combat: Short Blades, Long Blades, Axes, Maces & Flails, Polearms,
   Staves and Unarmed Combat.
 k - a +0 kite shield (worn)
Jewellery
 h - the cursed ring of Ashenzari's Paranoia (left hand) {Will+, Elem, Bglg}
   (You found it on level 1 of the Dungeon)

   [ring of willpower]

   Will:      It increases your willpower.
   It has a curse which improves the following skills: Elements: Fire Magic, Ice
   Magic, Air Magic and Earth Magic.
   Beguiling: Conjurations, Hexes and Translocations.
Scrolls
 e - a scroll of immolation
Potions
 m - a potion of magic


   Skills:
 - Level 2.1(3.3) Fighting
 - Level 0.6(2.0) Axes
 - Level 2.0(3.2) Maces & Flails
 + Level 0.3(1.2) Polearms
 - Level 0.6(2.0) Staves
 + Level 0.8(1.1) Slings
 - Level 1.0(1.1) Throwing
 + Level 1.5 Armour
 - Level 1.7 Dodging
 + Level 1.2 Shields
 - Level 2.1(3.3) Spellcasting
 + Level 0.6(1.7) Conjurations
 - Level 1.0(2.3) Hexes
 + Level 2.9(4.9) Translocations
 + Level 1.1 Transmutations
 + Level 0.5(1.2) Fire Magic
 + Level 0.4(1.0) Ice Magic
 + Level 0.2(0.5) Air Magic
 + Level 1.1(2.1) Earth Magic


You had 9 spell levels left.
You didn't know any spells.
Your spell library contained the following spells:

 Spells                   Type           Power      Damage    Failure   Level
 Sublimation of Blood     Necr           1%         N/A       100%        2
 Gell's Gravitas          Tloc           7%         N/A       100%        3
 Lesser Beckoning         Tloc           7%         N/A       100%        3
 Teleport Other           Tloc           14%        N/A       100%        3
 Petrify                  Tmut/Erth      6%         N/A       100%        4
 Irradiate                Conj/Tmut      2%         3d14      100%        5
 Manifold Assault         Tloc           14%        N/A       100%        5
 Blink                    Tloc           Unusable   N/A       N/A         2

Dungeon Overview and Level Annotations

Branches:
Dungeon (2/15)

Altars:
Ashenzari


Innate Abilities, Weirdness & Mutations

You cannot be hasted, slowed, berserked, paralysed or teleported.
You can dig through walls and to a lower floor.
You have a pair of large antennae on your head. (SInv)
Your four strong arms can wield two-handed weapons with a shield.


Message History

You feel very sick. The adder bites you. You block the adder's attack.
You hit the adder.
The adder is severely wounded.
You feel sick. You block the adder's attack.
The adder bites you but does no damage.
You closely miss the adder.
The adder is severely wounded.
You feel sick. You block the adder's attack.
The adder bites you but does no damage.
You closely miss the adder.
The adder is severely wounded.
You feel sick.
You are no longer poisoned.
The adder bites you but does no damage. The adder bites you.
* * * LOW HITPOINT WARNING * * *
You sock the adder!
You kill the adder!
You block the adder's attack.
Training target 2.0 for Axes reached!
Training target 2.0 for Staves reached!
You barely miss the adder. The adder bites you but does no damage.
You block the adder's attack.
You sock the adder!
The adder is severely wounded.
The adder bites you but does no damage. You block the adder's attack.
You hit the adder but do no damage.
The adder is severely wounded.
The adder bites you.
* * * LOW HITPOINT WARNING * * *
You block the adder's attack.
Your cursed plate armour "Share My Augurer" prevents you from hitting the adder.
The adder is severely wounded.
The adder bites you but does no damage. The adder bites you.
* * * LOW HITPOINT WARNING * * *
You are lethally poisoned!
The adder poisons you!
Okay, then.
You hit the adder.
You kill the adder!
You die...

####.......
#..........
#..........
#..........
#..........
#..........
#######..........
##†#.#.#...#####..
#@#.#.#...........
########..........
#..........
##.........
#.........
#.........
##........
##........
#....###..


There were no monsters in sight!

Vanquished Creatures
  Robin (D:2)
  3 adders (D:2)
  3 dart slugs
  A ball python (D:2)
  3 bats (D:1)
  An endoplasm (D:1)
  2 giant cockroaches
  10 goblins
  6 hobgoblins
  3 jackals (D:1)
  A quokka (D:1)
  3 frilled lizards (D:1)
  A kobold (D:2)
  4 rats
42 creatures vanquished.

Notes
Turn   | Place    | Note
-------+----------+-------------------------------------------
     0 | D:1      | Descartes the Formicid Warper began the quest for the Orb.
     0 | D:1      | Reached XP level 1. HP: 16/16 MP: 3/3
    28 | D:1      | You fall into a shaft and drop 1 floor!
    29 | D:2      | Found a faded altar of an unknown god.
    58 | D:2      | Became a worshipper of Ashenzari the Shackled
   205 | D:1      | Reached XP level 2. HP: 21/22 MP: 5/5
   527 | D:1      | Reached * piety under Ashenzari
   533 | D:1      | Reached skill level 1 in Hexes
   533 | D:1      | Reached XP level 3. HP: 21/27 MP: 6/6
  1444 | D:2      | Noticed Robin
  1475 | D:2      | Reached skill level 1 in Shields
  1479 | D:2      | Reached XP level 4. HP: 18/33 MP: 7/7
  1482 | D:2      | Reached skill level 1 in Transmutations
  1493 | D:2      | Killed Robin
  1494 | D:2      | Reached skill level 1 in Earth Magic
  1742 | D:2      | Reached ** piety under Ashenzari
  1786 | D:2      | Succumbed to an adder's poison

Illustrated notes

Levels and vault maps discovered:
D:1:      dpeg_arrival_lava_altar, layout_loops_ring, serial_co_window_serial,
          co_window_paths_a, co_window_paths_b, co_window_paths_a,
          co_window_paths_b, co_window_paths_a, co_window_paths_c,
          co_window_unsneaky_path_a, co_window_of_opportunity_c,
          co_window_2corner, co_window_sun, minmay_misc_feat_square
D:2:      kennysheep_the_goblin_king, layout_basic,
          hellmonk_ecumenical_altar_blasted, chequers_arboretum, uniq_robin

Skill      XL: |  1  2  3  4 |
---------------+-------------+-----
Hexes          | 1 |  1.0
Shields        | 1 |  1.2
Transmutations | 1 |  1.1
Earth Magic    | 1 |  1.1
Fighting       | |  2.1
Axes           | |  0.6
Maces & Flails | |  2.0
Polearms       | |  0.3
Staves         | |  0.6
Slings         | |  0.8
Throwing       | |  1.0
Armour         | |  1.5
Dodging        | |  1.7
Spellcasting   | |  2.1
Conjurations   | |  0.6
Translocations | |  2.9
Fire Magic     | |  0.5
Ice Magic      | |  0.4
Air Magic      | |  0.2

Action                   |  1- 3 |  4- 6 || total
-------------------------+-------+-------++-------
Melee: Mace              |   108 |    62 ||   170
Invok: Curse Item        |     2 |     1 ||     3
 Abil: Dig               |     1 |     1 ||     2
  Use: Potion            |       |     1 ||     1
Armor: Plate armour      |   104 |    52 ||   156
Dodge: Dodged            |    20 |     7 ||    27
Block: Kite shield       |    28 |    34 ||    62
